 Dungeon Crawl Stone Soup version 0.21-a0-110-g8e1637b (webtiles) character file.

48 Lavandula the Bolt Thrower (level 3, -1/26 HPs)
             Began as a Mummy Arcane Marksman on July 8, 2017.
             Slain by a jackal (2 damage)
             ... on level 1 of the Dungeon.
             The game lasted 00:03:04 (617 turns).

Lavandula the Bolt Thrower (Mummy Arcane Marksman)   Turns: 617, Time: 00:03:05

Health: -1/26      AC:  2    Str: 13    XL:     3   Next: 50%
Magic:  4/5        EV: 12    Int: 12    God:
Gold:   35         SH:  0    Dex: 13    Spells: 3/4 levels left

rFire    x . .     SeeInvis .   f - +0 dagger
rCold    + . .     Gourm    .   (no shield)
rNeg     + + +     Faith    .   e - +0 robe
rPois    ∞         Spirit   .   (no helmet)
rElec    .         Reflect  .   (no cloak)
rCorr    .         Harm     .   (no gloves)
MR       .....                  (no boots)
Stlth    +.........             (no amulet)
HPRegen  0.08/turn              (no ring)
MPRegen  0.09/turn              (no ring)

@: no status effects
A: no food or potions, fire vulnerability, cold resistance 1, negative energy
resistance 3, torment resistance, unbreathing
a: no special abilities


You were on level 1 of the Dungeon.
You were not hungry.

You visited 1 branch of the dungeon, and saw 2 of its levels.

You collected 35 gold pieces.

Inventory:

Hand Weapons
 a - a +0 hand crossbow
 f - a +0 dagger (weapon)
Armour
 e - a +0 robe (worn)
 i - a +0 ring mail
Scrolls
 b - a scroll of amnesia {unknown}
 g - 2 scrolls of identify {unknown}
 h - 3 scrolls of noise {unknown}
 j - a scroll of magic mapping {unknown}
Books
 c - a book of Debilitation

   Spells                             Type                      Level
   a - Corona                         Hexes                        1
   b - Slow                           Hexes                        2
   c - Inner Flame                    Hexes/Fire                   3
   d - Portal Projectile              Hexes/Translocation          3
   e - Cause Fear                     Hexes                        4
   f - Leda's Liquefaction            Hexes/Earth                  4


   Skills:
 - Level 1.0 Fighting
 + Level 3.2 Crossbows
 - Level 1.5 Dodging
 - Level 1.3 Spellcasting
 - Level 2.6 Hexes


You had 3 spell levels left.
You knew the following spells:

 Your Spells              Type           Power        Failure   Level  Hunger
a - Corona                Hex            #......      10%         1    N/A

Dungeon Overview and Level Annotations

Branches:
Dungeon (2/15)

Altars:

Annotations:
D:2 Terence


Innate Abilities, Weirdness & Mutations

You do not eat or drink.
Your flesh is vulnerable to fire.
You are immune to poison.
Your flesh is cold resistant. (rC+)
You are immune to negative energy. (rN+++)
You are immune to unholy pain and torment.
You can survive without breathing.


Message History

Casting: Corona
Confirm with . or Enter, or press ? or * to list all spells.
Aiming: Corona
Press: ? - help, Shift-Dir - straight line, f/p - jackal
Aim: a jackal (lightly wounded, chance to defeat MR: 59%)
The jackal is outlined in light.
The jackal bites you.
* * * LOW HITPOINT WARNING * * *
The jackal barely misses you.
You hit the jackal.
The jackal is moderately wounded.
The jackal closely misses you.
You hit the jackal.
The jackal is almost dead.
The jackal closely misses you.
You hit the jackal but do no damage.
The jackal is almost dead.
The jackal bites you.
* * * LOW HITPOINT WARNING * * *
The jackal bites you.
You die...

#....#
#.##.#########
.
#.##...†.....#
.##
#.##########.#
..# #.# #.#
..# #.# #(#
..# #.# #.#
..# #.# #.#
..###.# #@#
......# #h#
..##### #K#
#.# #(##
#.##########
#>.#
...(>>....(#
##†#
##########.#
#)# ##.# #.#
#.# ##.#.# #.#
#.#


You could see a jackal and a kobold.

Vanquished Creatures
  An adder (D:1)
  2 oozes (D:1)
  A dart slug (D:1)
  A leopard gecko (D:1)
  2 giant cockroaches (D:1)
  3 goblins (D:1)
  A hobgoblin (D:1)
  2 jackals (D:1)
  5 bats (D:1)
  3 frilled lizards (D:1)
  3 kobolds (D:1)
  2 rats
26 creatures vanquished.

Notes
Turn   | Place    | Note
-------+----------+-------------------------------------------
     0 | D:1      | Lavandula the Mummy Arcane Marksman began the quest for the Orb.
     0 | D:1      | Reached XP level 1. HP: 15/15 MP: 2/2
    49 | D:1      | Reached skill level 2 in Crossbows
    76 | D:1      | Reached XP level 2. HP: 21/21 MP: 2/4
   246 | D:2      | Noticed Terence
   342 | D:1      | Reached XP level 3. HP: 16/26 MP: 2/5
   407 | D:1      | Reached skill level 3 in Crossbows
   617 | D:1      | HP: 1/26 [jackal (3)]
   617 | D:1      | Slain by a jackal

Vault maps used:
D:1:      minmay_arrival_shattered_statue
D:2:      uniq_terence

Skill      XL: |  1  2  3 |
---------------+----------+-----
Crossbows      | 2 3 |  3.2
Fighting       | |  1.0
Dodging        | |  1.5
Spellcasting   | |  1.3
Hexes          | |  2.6

Action                   || total
-------------------------++-------
Melee: Dagger            ||     5
 Fire: Hand crossbow     ||    54
 Cast: Corona            ||    17
Armor: Robe              ||     7
Dodge: Dodged            ||    56
